 Dungeon Crawl Stone Soup version 0.29.0-4-gdea44cf6ec (webtiles) character file.

Game seed: 1635166411692947393

250 qw the Chopper (level 6, -2/35 HPs)
             Began as a Tengu Warper on Aug 28, 2022.
             Slain by an orc
             ... wielding a +0 short sword
              (3 damage)
             ... on level 4 of the Dungeon.
             The game lasted 00:00:21 (3743 turns).

qw the Chopper (Tengu Warper)                       Turns: 3743, Time: 00:00:22

Health: -2/35      AC: 14    Str: 14    XL:     6   Next: 13%
Magic:  10/10      EV:  5    Int: 13    God:
Gold:   165        SH:  0    Dex: 13    Spells: 9/9 levels left

rFire   . . .      SeeInvis .   Y - +1 hand axe
rCold   . . .      Faith    .   (no shield)
rNeg    . . .      Spirit   .   h - +0 plate armour
rPois   .          Reflect  .   (helmet restricted)
rElec   .          Harm     .   d - +2 cloak
rCorr   +          Rampage  .   (no gloves)
Will    .....                   (boots unavailable)
Stlth   ..........              (no amulet)
HPRegen 0.11/turn               a - ring of resist corrosion
MPRegen 0.12/turn               (no ring)

@: flying quickly and evasively, quick
A: beak, talons 3, nimble flight
a: no special abilities


You were on level 4 of the Dungeon.
You visited 1 branch of the dungeon, and saw 4 of its levels.

You collected 165 gold pieces.


Innate Abilities, Weirdness & Mutations

You have a beak for a mouth.
You have claws for feet.
Your magical nature lets you fly swiftly and evasively.


   Skills:
 - Level 2.0 Fighting
 - Level 6.4 Axes
 - Level 1.0 Throwing
 + Level 2.3 Armour
 - Level 2.1 Dodging
 - Level 2.0 Spellcasting
 - Level 2.4 Translocations


You had 9 spell levels left.
You didn't know any spells.
Your spell library contained the following spells:

 Spells                   Type           Power      Damage    Failure   Level
 Blink                    Tloc           14%        N/A       100%        2
 Gell's Gravitas          Tloc           7%         N/A       100%        3
 Lesser Beckoning         Tloc           7%         N/A       100%        3
 Teleport Other           Tloc           7%         N/A       100%        3
 Manifold Assault         Tloc           7%         N/A       100%        5

Inventory:

Hand Weapons
 o - a +0 whip
 Y - a +1 hand axe (weapon)
Armour
 d - a +2 cloak (worn)
 h - a +0 plate armour (worn)
Jewellery
 a - a ring of resist corrosion (left hand)
Wands
 c - a wand of digging (7)
Scrolls
 k - 2 scrolls of identify
Potions
 b - a potion of curing
 f - a potion of might {unknown}
 g - a potion of flight {unknown}
 m - a potion of brilliance {unknown}

Dungeon Overview and Level Annotations

Branches:
Dungeon (4/15)
 Temple: D:4-7

Altars:
Hepliaklqana


Message History

Something hits you but does no damage.
You hit the orc wizard. Your peck misses the orc wizard.
The orc wizard is heavily wounded.
You hit something. Something hits you but does no damage.
You hit the orc wizard.
The orc wizard is heavily wounded.
You miss something. The orc wizard casts a spell at you.
You resist with some effort. Something hits you but does no damage.
You hit the orc wizard but do no damage.
Your peck misses the orc wizard.
The orc wizard is heavily wounded.
You hit something. You hit the orc. You closely miss the orc wizard.
You claw the orc wizard.
The orc wizard is severely wounded.
You completely miss something. You closely miss the orc.
The orc hits you but does no damage. The orc wizard casts a spell at you.
The puff of flame hits you!
You hear some strange, mumbled words.
A magic dart appears from out of thin air!
The magic dart hits you!
You miss the orc wizard.
The orc wizard is severely wounded.
You miss something. You hit the orc.
The orc wizard hits you but does no damage.
The orc hits you but does no damage.
You closely miss the orc wizard. You claw the orc wizard.
The orc wizard is severely wounded.
You closely miss something. You barely miss the orc.
The orc hits you but does no damage.
The orc wizard hits you but does no damage.
Something hits you.
You hit the orc wizard. Your kick misses the orc wizard.
The orc wizard is almost dead.
You barely miss something. You barely miss the orc. x2
The orc wizard barely misses you. The orc barely misses you.
The orc hits you with a +0 short sword.
You die...

#... ###.#.### ###
.....:..########.. #.#.
..#.#.#.#.......o. . .#.#..#
#.#.#.#.#.######.# .......#
#.#.#.#.#.######.# #.#....#
#.#.#.#..........#
.#.#....########.#.#...#.########
.#..........)...@o.#.#.#.#
.............###oo...%...#
#:..%...[.#.# #.###.#.###
#...<...##.# #.# #.#.#
#...[..###.###.# #.#.#
#..............# #.#.#
#.##...###.###.# #.#.# #. #...#
#.. ... ..#.# . ........ ###.#


You could see an orc wizard and 2 orcs.

Vanquished Creatures
  A necrophage (D:4)
  A jelly (D:4)
  Ijyb (D:3)
  An iguana (D:2)
  4 adders
  3 dart slugs
  10 endoplasms
  4 giant cockroaches
  3 goblins
  3 hobgoblins
  7 jackals (D:1)
  6 kobolds
  5 quokkas
  9 ball pythons
  4 bats (D:1)
  2 frilled lizards
  4 rats
68 creatures vanquished.

Notes
Turn   | Place    | Note
-------+----------+-------------------------------------------
     0 | D:1      | qw the Tengu Warper began the quest for the Orb.
     0 | D:1      | Reached XP level 1. HP: 12/12 MP: 4/4
     0 | D:1      | 0 ||| qw: Version: 0.1-a-89-g26bdef1
     0 | D:1      | 0 ||| qw: Game counter: 1309
     0 | D:1      | 0 ||| qw: Always use a shield: true
     0 | D:1      | 0 ||| qw: God list: Okawaru
     0 | D:1      | 0 ||| qw: Allow faded altars: false
     0 | D:1      | 0 ||| qw: Do Orc after D:15 true
     0 | D:1      | 0 ||| qw: Do second Lair branch before Depths: true
     0 | D:1      | 0 ||| qw: Lair rune preference: random
     0 | D:1      | 0 ||| qw: Plans: Normal
     0 | D:1      | 0 ||| PLANNING D:1-11
    77 | D:1      | 77 ||| Stepping ~*~*~tactically~*~*~ (stealth).
   189 | D:1      | Reached skill level 3 in Axes
   189 | D:1      | Reached XP level 2. HP: 17/17 MP: 6/6
   263 | D:1      | 263 ||| Stepping ~*~*~tactically~*~*~ (stealth).
   357 | D:1      | 357 ||| Stepping ~*~*~tactically~*~*~ (stealth).
   361 | D:1      | 361 ||| Stepping ~*~*~tactically~*~*~ (stealth).
   364 | D:1      | 364 ||| Stepping ~*~*~tactically~*~*~ (stealth).
   365 | D:1      | 365 ||| Stepping ~*~*~tactically~*~*~ (stealth).
   655 | D:1      | Reached XP level 3. HP: 21/21 MP: 7/7
   656 | D:1      | 656 ||| Stepping ~*~*~tactically~*~*~ (hiding).
   666 | D:1      | Reached skill level 4 in Axes
   826 | D:1      | 826 ||| Stepping ~*~*~tactically~*~*~ (stealth).
   837 | D:1      | 837 ||| Stepping ~*~*~tactically~*~*~ (stealth).
   846 | D:1      | 846 ||| Stepping ~*~*~tactically~*~*~ (stealth).
   847 | D:1      | 847 ||| Stepping ~*~*~tactically~*~*~ (stealth).
   848 | D:1      | 848 ||| Stepping ~*~*~tactically~*~*~ (stealth).
   978 | D:1      | 978 ||| Stepping ~*~*~tactically~*~*~ (hiding).
  1352 | D:1      | 1352 ||| UPGRADING to +0 plate armour.
  1362 | D:1      | 1362 ||| DROPPING +0 leather armour.
  1363 | D:1      | 1363 ||| READING 2 scrolls labelled MUANLURIHE.
  1364 | D:1      | 1364 ||| READING scroll labelled OPHONAPLOH.
  1365 | D:1      | 1365 ||| READING scroll labelled EDIMYA FIZAEKIY.
  1366 | D:1      | 1366 ||| DROPPING scroll of magic mapping.
  1367 | D:1      | 1367 ||| DROPPING scroll of blinking.
  1416 | D:2      | Found a hazy altar of Hepliaklqana.
  1522 | D:2      | Reached XP level 4. HP: 10/26 MP: 8/8
  2062 | D:2      | 2062 ||| DROPPING +0 club.
  2280 | D:2      | 2280 ||| UPGRADING to ring of resist corrosion.
  2281 | D:2      | 2281 ||| READING scroll labelled FUXIAS XEUP.
  2282 | D:2      | 2282 ||| READING scroll labelled PIQOUM VUODOS.
  2283 | D:2      | 2283 ||| READING 2 scrolls labelled QUAR EH ATT.
  2284 | D:2      | 2284 ||| READING scroll labelled MOUMEADDASOSCH.
  2285 | D:2      | 2285 ||| READING scroll labelled DEALUX CO CEMP.
  2435 | D:2      | 2435 ||| DRINKING 2 fizzy coppery potions.
  2436 | D:2      | 2436 ||| DRINKING 3 emerald potions.
  2540 | D:2      | 2540 ||| DROPPING 2 potions of berserk rage.
  2637 | D:3      | Noticed Ijyb
  2638 | D:3      | 2638 ||| Stepping ~*~*~tactically~*~*~ (hiding).
  2640 | D:3      | 2640 ||| Stepping ~*~*~tactically~*~*~ (hiding).
  2654 | D:3      | Killed Ijyb
  2655 | D:3      | Reached skill level 5 in Axes
  2657 | D:3      | Gained mutation: Your magical nature lets you fly swiftly
                  | and evasively. [Tengu growth]
  2657 | D:3      | Reached XP level 5. HP: 22/30 MP: 9/9
  2809 | D:3      | Found a faded altar of an unknown god.
  3338 | D:3      | 3338 ||| UPGRADING to +2 cloak.
  3343 | D:3      | 3343 ||| READING scroll labelled DEHIANT HELA.
  3344 | D:3      | 3344 ||| READING 3 scrolls of identify.
  3344 | D:3      | 3344 ||| IDENTIFYING ruby potion
  3345 | D:3      | 3345 ||| READING 2 scrolls of identify.
  3345 | D:3      | 3345 ||| IDENTIFYING fuming grey potion
  3346 | D:3      | 3346 ||| DROPPING potion of ambrosia.
  3347 | D:3      | 3347 ||| DROPPING potion of invisibility.
  3374 | D:4      | 3374 ||| STAIRDANCE
  3430 | D:4      | 3430 ||| Stepping ~*~*~tactically~*~*~ (hiding).
  3431 | D:4      | 3431 ||| Stepping ~*~*~tactically~*~*~ (hiding).
  3432 | D:4      | 3432 ||| Stepping ~*~*~tactically~*~*~ (hiding).
  3606 | D:4      | Reached skill level 6 in Axes
  3606 | D:4      | Reached XP level 6. HP: 26/35 MP: 10/10
  3606 | D:4      | 3606 ||| Stepping ~*~*~tactically~*~*~ (stealth).
  3701 | D:4      | 3701 ||| FLEEEEING.
  3702 | D:4      | 3702 ||| FLEEEEING.
  3703 | D:4      | 3703 ||| FLEEEEING.
  3704 | D:4      | 3704 ||| FLEEEEING.
  3705 | D:4      | 3705 ||| FLEEEEING.
  3706 | D:4      | 3706 ||| FLEEEEING.
  3720 | D:4      | 3720 ||| FLEEEEING.
  3721 | D:4      | 3721 ||| FLEEEEING.
  3722 | D:4      | 3722 ||| FLEEEEING.
  3740 | D:4      | HP: 4/35 [something/magic dart (10)]
  3742 | D:4      | HP: 1/35 [something (3)]
  3743 | D:4      | Slain by an orc

Levels and vault maps discovered:
D:1:      shiori_arrival_oz, layout_basic
D:2:      layout_basic, basic_altar, minmay_strange_pillars
D:3:      layout_basic, hellmonk_ecumenical_altar_arch_garden,
          minmay_misc_feat_tower, uniq_ijyb
D:4:      layout_loops_ring, chequers_temple_overflow_minitemple

Skill      XL: |  1  2  3  4  5 |
---------------+----------------+-----
Axes           | 3 4 5 6 |  6.4
Armour         | 2 |  2.3
Fighting       | |  2.0
Throwing       | |  1.0
Dodging        | |  2.1
Spellcasting   | |  2.0
Translocations | |  2.4

Action                   |  1- 3 |  4- 6 || total
-------------------------+-------+-------++-------
Melee: Hand axe          |    91 |    90 ||   181
       Peck              |    16 |    12 ||    28
       Kick              |    17 |    16 ||    33
       Punch             |     1 |     2 ||     3
Throw: Boomerang         |     7 |    40 ||    47
  Use: Scroll            |     3 |     8 ||    11
       Potion            |       |     2 ||     2
Armor: Leather armour    |    18 |       ||    18
       Plate armour      |     5 |    72 ||    77
Dodge: Dodged            |    53 |    15 ||    68

Table legend:
 A = Non-vault XP
 B = Vault XP
 C = Vault XP percentage of total XP
 D = Non-vault monster count
 E = Vault monster count
 F = Vault count percentage of total count
                 A         B        C        D         E       F
            +---------+---------+-------+---------+---------+-------
      Total |     319 |      39 |  10.9 |      67 |       1 |   1.5
            +---------+---------+-------+---------+---------+-------
        D:1 |      67 |       0 |   0.0 |      37 |       0 |   0.0
        D:2 |      52 |       0 |   0.0 |      11 |       0 |   0.0
        D:3 |      56 |      39 |  41.1 |      12 |       1 |   7.7
        D:4 |     144 |       0 |   0.0 |       7 |       0 |   0.0
            +---------+---------+-------+---------+---------+-------
